[Event "Early-Titled-Tuesday-Blitz-May-07-2024"]
[Site "Chess.com"]
[Date "2024.05.07"]
[Round "8"]
[White "manitodeplomo"]
[Black "IndianSchoolOfSuffering"]
[Result "1-0"]
[WhiteElo "2602"]
[BlackElo "2388"]
[TimeControl "180+1"]
[EndTime "9:37:02 PDT"]
[Termination "manitodeplomo won by resignation"]

1. d4 Nf6 2. c4 e6 3. Nf3 b6 4.
g3 Ba6 5. Qc2 c5 6. d5 exd5 7.
cxd5 Bb7 8. Bg2 d6 9. O-O Be7 10. Nbd2 Nxd5 11. a3 Nf6 12. e4 Nc6 13. Nc4 Qc7 14.
Rd1 Nd7 15. Bf4 Nde5 16. Ne3 Nxf3+ 17. Bxf3 Ne5 18. Bxe5 dxe5 19. Nd5 Bxd5 20. Rxd5 O-O 21. Rad1 Rfd8 22. Qa4 Rxd5 23. Rxd5 Rd8 24. Rxd8+ Qxd8 25. Qxa7 g6 26. Be2 Bd6 27. Bc4 Qc7 28. Qa8+ Kg7 29.
Qd5 Qe7 30. Kg2 h5 31. Qc6 Qc7 32. Qe8 Qe7 33. Qb5 Qc7 34. Qb3 Bf8 35. h4 Qc6 36. Bxf7 Qxe4+ 37. Kg1 c4 38. Bxc4 Bc5 39. Bf1 Qe1 40.
Qf3 Bd4 41. b3 e4 42. Qf4 Bc5 43. b4 Bd4 44. Kg2 Bf6 45. Qc7+ Kh6 46. Qxb6 Qc3 47. Qe3+ Qxe3 48. fxe3 Bc3 49. b5 Ba5 50. Bc4 g5 51.
Bd5 Bb6 52. Kf2 gxh4 53. gxh4 Bd8 54. Kg3 Bb6 55. Kf2 Bd8 56. Bxe4 Bxh4+ 57. Ke2 Bd8 58. Kf3 Kg5 59. Bc6 Bb6 60. Bd7 h4 61. a4 Kf6 62.
Ke4 Ke7 63. Bh3 Kd6 64. Kf4 Kc5 65. e4 Kb4 66. Bd7 Kxa4 67. Kg4 Kb4 68. Kxh4 Kc5 69.
Kg4 Kd6 70. Bc6 Ke5 71. Kf3 Bc5 72. Ke2 Bb6 73. Kd3 Bc5 74. Ke2 Kd4 75. Kf1 Ke5 76.
Kg2 Kf4 77. Kh3 Ke5 78. Kh4 Be7+ 79. Kh5 Bc5 80. Kg6 Kd6 81. Kf6 Bd4+ 82. Kf7 Bc5 83. Kf6 Bd4+ 84. Kf5 Bc3 85. Bd5 Bd4 86. Bb3 Bc3 87. Bc4 Bd4 88. Bf1 Bc3 89. Kf4 Bd4 90.
Be2 Be5+ 91. Ke3 Kc5 92. Kf3 Bd4 93. Kf4 Kd6 94. Kf5 Be5 95. Bf1 Bd4 96. Be2 Kc5 97. e5 Kd5 98. e6 Kd6 99. Bc4 Bc5 100. Kg6 Ke7 101. Kf5 Bd6 102. Ke4 Bc7 103. Kd5 Ba5 104. Kc6 Kd8 105. b6 Ke7 106. b7 1-0

[Event "Early-Titled-Tuesday-Blitz-May-07-2024"]
[Site "Chess.com"]
[Date "2024.05.07"]
[Round "8"]
[White "BogdanDeac"]
[Black "FairChess_on_YouTube"]
[Result "1/2-1/2"]
[WhiteElo "3113"]
[BlackElo "3089"]
[TimeControl "180+1"]
[EndTime "9:37:10 PDT"]
[Termination "Game drawn by repetition"]

1. d4 d5 2. Nf3 Nf6 3. c4 e6 4.
Nc3 a6 5. e3 dxc4 6. Bxc4 b5 7.
Bb3 Bb7 8. O-O Be7 9. Qe2 O-O 10. e4 b4 11. e5 bxc3 12. exf6 Bxf6 13. bxc3 c5 14.
Rd1 Nd7 15. Ne5 cxd4 16. cxd4 Qc7 17. Bf4 Nxe5 18. Bxe5 Bxe5 19. Qxe5 Qd7 20. d5 Bxd5 21. Bxd5 exd5 22. Qxd5 Qxd5 23. Rxd5 Rfc8 24. Rad1 g6 25. g3 Rc2 26. Ra5 Rb8 27. Rxa6 Rbb2 28. Rf6 Kg7 29. Rf3 Rb7 30. Ra1 Rbb2 31. a4 Ra2 32. Rxa2 Rxa2 33.
Rf4 g5 34. Rb4 h5 35. h4 g4 36. Rb5 Kg6 37. Rg5+ Kh6 38. Rf5 Kg6 39. Rg5+ Kh6 40. a5 f6 41. Rb5 Ra1+ 42. Kg2 Kg6 43. Rc5 Kh6 44. Rc6 Rxa5 45. Rxf6+ Kg7 46. Rb6 Ra1 47. Rb5 Kg6 48. Rb6+ Kg7 49. Rb7+ Kg6 50. Rb5 Rc1 51. Re5 Rb1 52. Re2 Ra1 53. f3 gxf3+ 54. Kxf3 Rf1+ 55.
Kg2 Rc1 56. Re6+ Kg7 57. Re5 Kg6 58. Rg5+ Kh6 59. Rd5 Rc3 60. Kf2 Rb3 61. Re5 Ra3 62.
Re3 Ra4 63. Kf3 Kg6 64. Re6+ Kg7 65. Re4 Ra5 66. Kf4 Kf6 67. Rb4 Rf5+ 68. Ke4 Re5+ 69. Kf3 Ra5 70. Rb6+ Kg7 71. Re6 Rb5 72. Kf4 Rb4+ 73.
Re4 Rb5 74. Re5 Rb4+ 75. Kf5 Rg4 76. Re3 Kh6 77. Rd3 Kg7 78. Rc3 Kf7 79. Rc7+ Kg8 80. Rc3 Kg7 81. Ke5 Kf7 82. Rf3+ Kg7 83. Re3 Kg6 84.
Rf3 Kg7 85. Ra3 Kg6 86. Ke6 Kg7 87. Kd5 Kg6 88. Ke5 Kg7 89. Rb3 Kh7 90. Kf6 Rg6+ 91. Kf7 Rg7+ 92. Kf8 Rg8+ 93. Ke7 Rg7+ 94. Kf6 Rg6+ 95.
Kf5 Rg4 96. Rf3 Kg7 97. Re3 Kh7 98. Rf3 Kg7 99. Re3 1/2-1/2

[Event "Early-Titled-Tuesday-Blitz-May-07-2024"]
[Site "Chess.com"]
[Date "2024.05.07"]
[Round "8"]
[White "nihalsarin"]
[Black "KuzubovYuriy"]
[Result "1-0"]
[WhiteElo "3146"]
[BlackElo "2963"]
[TimeControl "180+1"]
[EndTime "9:37:40 PDT"]
[Termination "nihalsarin won by resignation"]

1. d4 Nf6 2. Bg5 d5 3. Nd2 e6 4. e3 Nbd7 5. Bd3 c5 6. c3 h6 7. Bh4 Qb6 8. Rb1 Be7 9. f4 cxd4 10. exd4 Qc7 11. Qf3 b6 12. Bg3 Bd6 13. Ne2 Bb7 14.
O-O Bc6 15. h3 O-O 16. Qe3 Rfe8 17. Bh4 Qb7 18. Ng3 b5 19. Rbe1 b4 20. Nf3 Ne4 21. Nxe4 dxe4 22. Bxe4 Bxe4 23. Qxe4 Qxe4 24. Rxe4 bxc3 25.
bxc3 Rec8 26. Rc1 Rab8 27. Rc2 Rb1+ 28. Be1 Nf6 29. Ree2 Bxf4 30. Kf2 Nd5 31. c4 Nb6 32. Bd2 Bxd2 33. Nxd2 Ra1 34. c5 Nd5 35. Ne4 Nf4 36. Red2 Rc6 37. Nd6 g5 38. Nc4 Ra6 39. Ne3 Rc6 40. g3 Nxh3+ 41. Kg2 g4 42. Nxg4 Ng5 43.
Nxh6+ Kg7 44. Ng4 Ne4 45. Re2 Nf6 46. Ne5 Rc7 47. Rf2 Nd5 48. Rf3 Nb4 49. Rcf2 f5 50.
g4 Nc6 51. Nxc6 Rxc6 52. gxf5 exf5 53. Rxf5 Rd1 54. Rg5+ Rg6 55. Rxg6+ Kxg6 56. Rf4 Kg5 57. Re4 Kf5 58. Re5+ Kf4 59. Rd5 Rd2+ 60. Kf1 Kf3 61. Ke1 Rxa2 62. c6 Ke3 63. Kd1 Kd3 64. Kc1 Rc2+ 65. Kb1 Rc4 66. Rc5 Rb4+ 67. Ka2 Rb8 68. c7 Rc8 69. d5 Kd4 70. d6 Kxc5 71. d7 Rxc7 72. d8=Q Kb6 73. Qb8+ Rb7 74. Qd6+ Ka5 75. Ka3 Rb6 76. Qd3 Rc6 77. Qd5+ Kb6 78. Kb4 Kb7 79. Kb5 a6+ 80. Ka5 Kc7 81. Qf7+ Kb8 82. Qe8+ Kb7 83. Qd7+ Rc7 84. Qd5+ Rc6 85. Qd7+ Rc7 86. Qe6 Rc5+ 87. Kb4 Rb5+ 88. Kc4 Ka7 89. Qd7+ Ka8 90. Qc8+ Ka7 91.
Kd4 Rb4+ 92. Kc5 Rb5+ 93. Kd6 Rb6+ 94. Kc7 Rb5 95. Qf8 Rb7+ 96. Kc6 Rb6+ 97. Kc5 Rb5+ 98.
Kc4 Kb7 99. Qf2 Ka8 100. Qf7 Kb8 101. Qd7 Ka8 102. Qc7 Rb7 103. Qd8+ Ka7 104. Kc5 Rb8 105. Qd4 Rb5+ 106. Kc6+ Ka8 107. Qf4 Ka7 108. Kc7 Rb7+ 109. Kc8 Rb5 110. Qd4+ Ka8 111. Qe3 Rb2 112. Qe4+ Ka7 113. Qd4+ Rb6 114. Kc7 Ka8 115. Qxb6 1-0

[Event "Early-Titled-Tuesday-Blitz-May-07-2024"]
[Site "Chess.com"]
[Date "2024.05.07"]
[Round "8"]
[White "Silvederione"]
[Black "ansko1999"]
[Result "1/2-1/2"]
[WhiteElo "2509"]
[BlackElo "2640"]
[TimeControl "180+1"]
[EndTime "9:37:49 PDT"]
[Termination "Game drawn by repetition"]

1. d4 d5 2. Nc3 Nf6 3. Bf4 c5 4. e3 cxd4 5. exd4 a6 6. Nf3 Nc6 7. Ne5 Bd7 8. Be2 e6 9. Qd2 Be7 10. h3 Nxe5 11. Bxe5 Rc8 12. O-O O-O 13. Rfe1 Bb4 14.
Bd3 Bb5 15. Bxf6 Qxf6 16. Bxb5 axb5 17. Re3 Rc4 18. Rd3 Rfc8 19. a3 Bxc3 20. Rxc3 Rxc3 21.
bxc3 Qe7 22. a4 bxa4 23. Rxa4 h6 24. Rb4 Qc7 25. Rb3 Qc6 26. Qd3 Ra8 27. g3 Ra1+ 28.
Kg2 Ra2 29. Rb4 Qa6 30. Rb3 Qxd3 31. cxd3 Rc2 32. Kf3 g5 33. Ke3 Kg7 34. Ra3 h5 35. Rb3 Kg6 36. Ra3 f5 37. Rb3 h4 38. gxh4 gxh4 39. Rxb7 Rxc3 40. Re7 Kf6 41. Rh7 f4+ 42. Kd2 Ra3 43. Rxh4 Ra2+ 44. Ke1 Kf5 45. Rh5+ Kf6 46.
Rh4 Kf5 47. Kf1 f3 48. Rh5+ Kf4 49. Rh4+ Kf5 50. Kg1 Rd2 51. Rh5+ Kf4 52. Rh4+ Kf5 53. Rh5+ Kf6 54. Rh6+ Ke7 55. Kh2 Rxd3 56. Rh4 Kf6 57. Kg3 Kf5 58. Rf4+ Kg5 59. h4+ Kh5 60. Rg4 Kh6 61. Rf4 Kh5 62. Rg4 Rd2 63. Rg5+ Kh6 64.
Re5 Rxd4 65. Rxe6+ Kh5 66. Re5+ Kg6 67. Rg5+ Kh6 68. Rf5 Rd1 69. Rxf3 d4 70. Rf6+ Kh5 71. Rf5+ Kh6 72. Rd5 d3 73. Kf3 Rh1 74. Rxd3 Rxh4 75. Rd5 Kg7 76. Rg5+ Kf6 77. Rb5 Rh3+ 78. Kg4 Ra3 79.
Rb6+ Kf7 80. f4 Ra5 81. Rc6 Rb5 82. Rc3 Ra5 83. Re3 Rb5 84. Ra3 Rc5 85. Ra6 Rb5 86. Rc6 Rd5 87. Rc7+ Kf6 88. Rc8 Rb5 89. Ra8 Rc5 90.
Ra6+ Kf7 91. Rh6 Rb5 92. Rd6 Ra5 93. Rb6 Rc5 94. Rb7+ Kf6 95. Rb6+ Kf7 96. f5 Rc1 97. Rb7+ Kf6 98. Rb6+ Kf7 99. Kf4 Rf1+ 100. Ke4 Re1+ 101. Kd4 Rd1+ 102. Ke5 Re1+ 103. Kf4 Rf1+ 104. Kg4 Rg1+ 105. Kf3 Rf1+ 106. Ke4 Re1+ 107. Kd3 Rf1 108. Ke4 1/2-1/2

[Event "Early-Titled-Tuesday-Blitz-May-07-2024"]
[Site "Chess.com"]
[Date "2024.05.07"]
[Round "8"]
[White "IMchanged"]
[Black "Jospem"]
[Result "0-1"]
[WhiteElo "2763"]
[BlackElo "3049"]
[TimeControl "180+1"]
[EndTime "9:38:00 PDT"]
[Termination "Jospem won on time"]

1. d4 c5 2. dxc5 e6 3. Nc3 Bxc5 4. Ne4 Bb4+ 5. c3 Be7 6. Nd6+ Kf8 7. e4 Nc6 8. Nf3 Nf6 9. e5 Ne8 10. Nxc8 Rxc8 11.
Bd3 f6 12. exf6 Nxf6 13. O-O Qc7 14. h3 Ne5 15. Nxe5 Qxe5 16. Re1 Qc7 17. Qf3 Kf7 18. Bf4 Qc6 19. Qe2 a6 20. Be5 Rhf8 21. Bxf6 Bxf6 22. Qh5+ Ke7 23. Qxh7 Qb6 24. Re2 Rc5 25.
Rae1 Kd8 26. Qe4 Rg5 27. Bc2 Be7 28. b4 Qc6 29. Qxc6 bxc6 30. Bd3 a5 31. a3 Kc7 32. g3 Bf6 33. Rc2 Be7 34. Kg2 Ra8 35. h4 Rd5 36. Be4 Rb5 37. a4 Re5 38. Bxc6 Rxe1 39. Bxa8 Ra1 40.
bxa5 Rxa4 41. Bf3 Rxa5 42. c4 Bf6 43. Rc1 Rc5 44. Be2 Bd4 45. f4 Ra5 46. Kf3 Ra3+ 47. Kg4 Bf2 48. Bf3 Bc5 49. Rb1 Rc3 50. Rb7+ Kc8 51. Rb1 Rxc4 52. h5 Rc3 53. Rh1 Bf8 54.
Bd1 Kd8 55. Rg1 Bc5 56. Rf1 Rd3 57. f5 Bd6 58. Bf3 Rd4+ 59. Kg5 Bxg3 60. fxe6 dxe6 61. Kg6 Ke7 62. Kxg7 Be5+ 63. Kg6 Rd8 64. h6 Rg8+ 65. Kh5 Rh8 66. Be4 Rg8 67. Bg6 Rb8 68. Rf7+ Kd6 69. h7 Rb2 70. Rf8 Rh2+ 71. Kg4 Ke7 72. Rf7+ Kd6 73.
Rf8 Rg2+ 74. Kh5 Bc3 75. Rd8+ Ke7 76. Re8+ Kd7 77. Rf8 Bb2 78. Be4 Re2 79. Bf3 Rh2+ 80. Kg4 Ke7 81. Rb8 Be5 82. Rb7+ Kd6 83. Rb6+ Kd7 84. Rb7+ Kd6 85. Rb6+ Ke7 86. Rb7+ Kf6 87.
Be4 Bc3 88. Rb8 Ke7 89. Rb7+ Kd6 90. Rb6+ Ke5 91. Bd3 Kd4 92. Bb1 Kd5 93. Rb8 Bf6 94. Kf3 Ke5 95. Rb5+ Kd6 96. Rb6+ Kd5 97. Be4+ Ke5 98.
Rb5+ Kd4 99. Rb6 Rh3+ 100. Kg2 Rh4 101. Rxe6 Be5 102. Bf5 Kd5 103. Re8 Rh5 104. Be6+ Kd6 105. Bg8 Bg7 106. Re1 Rh6 107. Kf3 Rf6+ 108. Kg4 Bh8 109. Rd1+ Ke7 110. Re1+ Kf8 111. Rb1 Rd6 112. Rb8+ Kg7 113. Bb3 Kxh7 114. Bc2+ Kg7 115. Rb7+ Kf6 116. Rh7 Bg7 117. Rh1 Rd4+ 118. Kf3 Rb4 119. Bd3 Ke5 120. Rh5+ Kd6 121. Rg5 Be5 122. Rg6+ Kd5 123. Rg4 Rb3 124. Ke2 Bd4 125. Rg5+ Be5 126. Rg4 Ra3 127. Bc4+ Kc5 128. Bd3 Bf6 129. Rc4+ Kd5 130. Rf4 Be5 131. Rh4 Bd4 132. Rh5+ Kd6 133. Rh6+ Ke5 134. Rh5+ Kf6 135. Rh6+ Kg5 136. Rg6+ Kf4 137. Rg8 Ra2+ 138. Kd1 Ke3 139. Rg3+ Kf4 140. Rg8 Bc5 141. Bc2 Bb4 142. Rc8 Ra1+ 143. Ke2 Re1+ 144. Kd3 Re3+ 145. Kd4 Re1 146. Rf8+ Bxf8 0-1

[Event "Early-Titled-Tuesday-Blitz-May-07-2024"]
[Site "Chess.com"]
[Date "2024.05.07"]
[Round "8"]
[White "penguingm1"]
[Black "Njal28"]
[Result "1/2-1/2"]
[WhiteElo "2927"]
[BlackElo "3110"]
[TimeControl "180+1"]
[EndTime "9:38:59 PDT"]
[Termination "Game drawn - insufficient material"]

1. d4 g6 2. c4 Bg7 3. Nc3 c5 4. d5 d6 5. e4 Bxc3+ 6. bxc3 e5 7. h4 h6 8. Ne2 Nd7 9. Ng3 h5 10. Bg5 Qa5 11. Be2 Ne7 12. O-O f6 13. Be3 Kd8 14. Qd2 Kc7 15. Rfb1 Kb8 16. a4 a6 17. Bd3 Ra7 18.
Ne2 Qd8 19. a5 Rf8 20. f3 Rg8 21. Bc2 Nf8 22. Rb6 Qc7 23. Ba4 Bd7 24. Bd1 Nh7 25.
Rab1 g5 26. hxg5 fxg5 27. Nc1 Nc8 28. Qb2 g4 29. f4 Re8 30. f5 Nf6 31. Bc2 Rg8 32. Bd3 h4 33. g3 hxg3 34. Ne2 Nh5 35. Kg2 Ka8 36. Rh1 Rh8 37. Kg1 Qd8 38. Rb3 Ba4 39. Ra3 Be8 40. Nxg3 Qe7 41. Nxh5 Rxh5 42.
Rxh5 Bxh5 43. Qh2 Be8 44. Qh6 b5 45. Bg5 Qf7 46. f6 Qg8 47. Be3 Rh7 48. Qg5 Qh8 49.
Bf1 Rh1+ 50. Kf2 Qh2+ 51. Ke1 Qg2 52. Qf5 Bd7 53. Qf2 Qh3 54. f7 Rxf1+ 55. Qxf1 Qxe3+ 56. Kd1 b4 57. f8=Q bxa3 58. Kc2 g3 59. Q8f3 Qg5 60. Q1g2 a2 61. Qg1 Ba4+ 62. Kb2 g2 63. Qfxg2 Qd8 64. Kxa2 Qxa5 65. Qb2 Bb5+ 66. Kb1 Bxc4 67. Qg8 Qc7 68. Kc1 Bd3 69. Qg4 Nb6 70. Qa3 Ka7 71. Qg8 Bxe4 72. c4 Bf5 73. Qb3 Bc8 74. Qe8 Bb7 75. Qf8 Bc8 76. Qc3 Bd7 77. Qa5 Bc8 78. Qf3 Bb7 79. Qb3 Qd8 80. Kb1 Qc7 81. Ka2 Qd8 82. Qac3 Qc7 83. Qcb2 Qd8 84. Q2c2 Qc7 85. Qg3 Nd7 86.
Qa3 Nb6 87. Qa5 Qd8 88. Qg6 Qc7 89. Qc3 Nd7 90. Kb1 Nb6 91. Qb3 Bc8 92. Qf6 Bb7 93. Qf8 Bc8 94. Qd3 Na4 95. Kc1 Nb6 96. Kd1 Bg4+ 97. Ke1 Bc8 98. Qg8 Bb7 99. Qdh7 Qxh7 100. Qxh7 Nxc4 101. Qc7 a5 102. Ke2 e4 103. Qe7 a4 104.
Qxe4 Nb6 105. Qf4 Nxd5 106. Qxd6 Ka8 107. Qxc5 Kb8 108. Qa5 Bc6 109. Kd3 Bb7 110. Kd4 Kc8 111. Kc5 Kb8 112.
Kd6 Kc8 113. Qb5 Kb8 114. Qe8+ Ka7 115. Qb5 Kb8 116. Kd7 a3 117. Qa5 a2 118. Kd8 Bc6 119. Qxa2 Bb7 120. Qb2 Ka7 121. Kd7 Kb8 122. Kd6 Ka7 123. Qh8 Ba8 124. Kc5 Bb7 125. Qg7 Kb8 126. Qd7 Ka7 127. Qd8 Ba8 128. Qa5+ Kb8 129. Qb5+ Bb7 130. Kd6 Ka7 131. Qd3 Kb8 132. Qd4 Ka8 133. Kd7 Kb8 134. Qh8+ Ka7 135. Kd6 Ba8 136. Qa1+ Kb8 137. Kd7 Bb7 138. Qe5+ Ka7 139. Kd6 Ka8 140. Qh2 Kb8 141. Qg1 Ka8 142. Qe1 Kb8 143. Qe8+ Ka7 144. Qd8 Ba8 145. Kd7 Bb7 146. Qg5 Ka8 147. Kd6 Ka7 148. Kc5 Ka8 149. Qg1 Kb8 150. Qb1 Ka8 151. Qa2+ Kb8 152. Qa4 Ba8 153. Qe8+ Ka7 154. Qd8 Bb7 155. Kd6 Ba8 156. Qh4 Bb7 157. Qd4+ Kb8 158. Qc5 Ka8 159. Qa5+ Kb8 160. Kd7 Ba8 161. Kd8 Bb7 162. Qb5 Ka7 163. Qc5+ Kb8 164. Kd7 Ka8 165. Kd6 Kb8 166. Qa5 Ba8 167. Qa6 Bb7 168. Qb5 Ka8 169. Qxd5 Bxd5 1/2-1/2

[Event "Early-Titled-Tuesday-Blitz-May-07-2024"]
[Site "Chess.com"]
[Date "2024.05.07"]
[Round "9"]
[White "ilushka"]
[Black "Yerkinio"]
[Result "0-1"]
[WhiteElo "2522"]
[BlackElo "2670"]
[TimeControl "180+1"]
[EndTime "9:47:32 PDT"]
[Termination "Yerkinio won by resignation"]

1. Nf3 Nf6 2. g3 g6 3. b3 Bg7 4. Bb2 O-O 5. Bg2 d6 6. d4 c6 7. O-O Qa5 8. c4 Qh5 9. Re1 Bh3 10.
Bh1 Ng4 11. Nc3 e5 12. e4 exd4 13. Nxd4 Nxf2 14. Qxh5 Bxd4 15. Ne2 Bb6 16. Qh6 Ng4+ 0-1

[Event "Early-Titled-Tuesday-Blitz-May-07-2024"]
[Site "Chess.com"]
[Date "2024.05.07"]
[Round "9"]
[White "czechbul17"]
[Black "rikchessmx"]
[Result "1-0"]
[WhiteElo "2156"]
[BlackElo "2378"]
[TimeControl "180+1"]
[EndTime "9:47:37 PDT"]
[Termination "czechbul17 won by resignation"]

1. d4 Nf6 2. c4 e6 3. Nf3 c5 4. d5 b5 5. Bg5 Qa5+ 6. Qd2 b4 7. Bxf6 gxf6 8. Na3 Ba6 9. e3 exd5 10. cxd5 Bxf1 11.
Rxf1 d6 12. Nc4 Qa6 13. Qd3 Nd7 14. Nh4 Nb6 15. Nxd6+ Bxd6 16. Qxa6 O-O 17. Nf5 Be5 18. Qe2 Nxd5 19. Qg4+ 1-0

[Event "Early-Titled-Tuesday-Blitz-May-07-2024"]
[Site "Chess.com"]
[Date "2024.05.07"]
[Round "9"]
[White "dianamirza"]
[Black "Eloist"]
[Result "0-1"]
[WhiteElo "1925"]
[BlackElo "2382"]
[TimeControl "180+1"]
[EndTime "9:47:37 PDT"]
[Termination "Eloist won by resignation"]

1. d4 e6 2. Nf3 Nf6 3. e3 b6 4.
Bd3 Bb7 5. b3 c5 6. Bb2 g6 7.
Nbd2 Bg7 8. O-O O-O 9. e4 cxd4 10. Nxd4 Nc6 11. Nxc6 Bxc6 12. e5 Nd5 13. f4 Ne3 14.
Qe2 Nxf1 15. Rxf1 d6 16. Ne4 dxe5 17. fxe5 Bxe4 18. Bxe4 Rc8 19. Rd1 Qc7 20. c4 Bxe5 21. Bxe5 Qxe5 22. Qf3 Rcd8 23. Re1 f5 0-1

[Event "Early-Titled-Tuesday-Blitz-May-07-2024"]
[Site "Chess.com"]
[Date "2024.05.07"]
[Round "9"]
[White "Semetey"]
[Black "Rosh1610"]
[Result "0-1"]
[WhiteElo "2590"]
[BlackElo "2510"]
[TimeControl "180+1"]
[EndTime "9:47:43 PDT"]
[Termination "Rosh1610 won by resignation"]

1. Nc3 e5 2. e4 Nf6 3. f4 d6 4. Nf3 Nc6 5. Bc4 Be7 6. d3 O-O 7.
a3 Bg4 8. h3 Bxf3 9. Qxf3 Nd4 10. Qf2 c6 11. g4 d5 12. exd5 cxd5 13. Ba2 Ne4 14. dxe4 Bh4 15. Be3 Nxc2+ 0-1

[Event "Early-Titled-Tuesday-Blitz-May-07-2024"]
[Site "Chess.com"]
[Date "2024.05.07"]
[Round "9"]
[White "JG-17"]
[Black "GoltsevDmitry2000"]
[Result "0-1"]
[WhiteElo "2525"]
[BlackElo "2760"]
[TimeControl "180+1"]
[EndTime "9:47:52 PDT"]
[Termination "GoltsevDmitry2000 won by resignation"]

1. e4 e6 2. d4 d5 3. exd5 exd5 4. Bd3 Nf6 5. Nf3 c5 6. O-O Be7 7. dxc5 Bxc5 8. Re1+ Be6 9. Ng5 O-O 10. Nxe6 fxe6 11. Rxe6 Bxf2+ 12. Kxf2 Ne4+ 13. Kg1 Qh4 14. Be3 Nf2 15.
Qe2 Ng4 16. g3 Qh3 17. Bf4 g5 18. Bxg5 Rf1+ 0-1

[Event "Early-Titled-Tuesday-Blitz-May-07-2024"]
[Site "Chess.com"]
[Date "2024.05.07"]
[Round "9"]
[White "savitha1030"]
[Black "Stanbad1"]
[Result "0-1"]
[WhiteElo "2477"]
[BlackElo "2600"]
[TimeControl "180+1"]
[EndTime "9:48:03 PDT"]
[Termination "Stanbad1 won by resignation"]

1. Nf3 Nf6 2. g3 g6 3. Bg2 Bg7 4. O-O d6 5. c4 O-O 6. Nc3 c5 7. d4 Nc6 8. d5 Na5 9. Nd2 a6 10. e4 b5 11. cxb5 axb5 12. Nxb5 Ba6 13. a4 Nd7 14.
Re1 Qb6 15. Bf1 Rfb8 16. Nc4 Nxc4 17. Bxc4 Ne5 18. Bf1 c4 19. Be3 Qb7 20. f4 Bxb5 21. axb5 Rxa1 22. Qxa1 Nf3+ 23. Kf2 Nxe1 24. Kxe1 Qxb5 25.
e5 dxe5 0-1

[Event "Early-Titled-Tuesday-Blitz-May-07-2024"]
[Site "Chess.com"]
[Date "2024.05.07"]
[Round "9"]
[White "KononenkoD"]
[Black "mortngabriel"]
[Result "1-0"]
[WhiteElo "2604"]
[BlackElo "2497"]
[TimeControl "180+1"]
[EndTime "9:48:40 PDT"]
[Termination "KononenkoD won by resignation"]

1. d4 Nf6 2. c4 c5 3. Nf3 cxd4 4. Nxd4 e5 5. Nb5 d5 6. cxd5 Bc5 7. e3 O-O 8. Be2 e4 9. O-O a6 10. N5c3 Qe7 11.
a3 Rd8 12. b4 Ba7 13. Bb2 Be6 14. Nd2 Bxd5 15. Nxd5 Nxd5 16. Qc2 Nxe3 17. fxe3 Bxe3+ 18. Kh1 Bxd2 19. Bc4 Bh6 20. Rxf7 Qxf7 21. Bxf7+ Kxf7 22. Qc4+ Ke7 23. Qxe4+ 1-0

[Event "Early-Titled-Tuesday-Blitz-May-07-2024"]
[Site "Chess.com"]
[Date "2024.05.07"]
[Round "9"]
[White "IndianSchoolOfSuffering"]
[Black "NowInChess"]
[Result "0-1"]
[WhiteElo "2377"]
[BlackElo "2256"]
[TimeControl "180+1"]
[EndTime "9:48:41 PDT"]
[Termination "NowInChess won by resignation"]

1. e4 e6 2. d4 d5 3. e5 c5 4.
c3 Nc6 5. Nf3 Qb6 6. a3 f6 7.
exf6 Nxf6 8. Bd3 Bd6 9. dxc5 Bxc5 10. O-O O-O 11. b4 Bxf2+ 12. Rxf2 Ng4 13. Qe2 e5 14. Ra2 e4 15. Bxe4 dxe4 16. Qxe4 Nxf2 17. Rxf2 Bf5 18. Qc4+ Kh8 19. Ng5 Qxf2+ 20. Kxf2 Bd3+ 21. Qf4 Rxf4+ 22. Bxf4 Bxb1 0-1

[Event "Early-Titled-Tuesday-Blitz-May-07-2024"]
[Site "Chess.com"]
[Date "2024.05.07"]
[Round "9"]
[White "StelaSfw"]
[Black "akanga001"]
[Result "0-1"]
[WhiteElo "1645"]
[BlackElo "2152"]
[TimeControl "180+1"]
[EndTime "9:48:45 PDT"]
[Termination "akanga001 won by resignation"]

1. e4 e6 2. d4 d5 3. exd5 exd5 4.
Nf3 Bd6 5. c3 Ne7 6. Bd3 Bf5 7.
O-O O-O 8. Re1 Bxd3 9. Qxd3 c6 10. Bg5 f6 11. Bh4 Na6 12. Nbd2 Qd7 13. Nf1 Nc7 14.
Re2 Ne6 15. Rae1 Nf4 16. Qd2 Nxe2+ 17. Qxe2 Ng6 18. Bg3 Bxg3 19. Nxg3 Rfe8 20. Qd2 Rxe1+ 21.
Qxe1 Re8 22. Qd2 Qe6 23. Kf1 h6 24. h3 f5 25. Ne2 Qe4 26. Ng3 Qb1+ 27. Ne1 f4 28. Nh5 Kh7 29. g4 fxg3 30. Nxg3 Nf4 31. Nf5 Qxf5 32. Nf3 Qxh3+ 0-1

[Event "Early-Titled-Tuesday-Blitz-May-07-2024"]
[Site "Chess.com"]
[Date "2024.05.07"]
[Round "9"]
[White "N_I_Chess"]
[Black "wild3000"]
[Result "0-1"]
[WhiteElo "2326"]
[BlackElo "2500"]
[TimeControl "180+1"]
[EndTime "9:49:08 PDT"]
[Termination "wild3000 won by checkmate"]

1. d4 d5 2. c4 e6 3. cxd5 exd5 4.
Nc3 c6 5. Qc2 Nf6 6. Bg5 Be7 7. e3 Nbd7 8. Bd3 h6 9. Bh4 O-O 10.
Nge2 Re8 11. O-O Nh5 12. Bxe7 Qxe7 13. Rab1 a5 14. a3 g6 15. Rfc1 Ndf6 16. Na4 Bg4 17. Ng3 Nxg3 18. hxg3 h5 19. Nb6 Kg7 20. Nxa8 Rxa8 21. Qc5 Qe6 22. b4 Nd7 23. b5 Nxc5 24. Rxc5 Rh8 25. bxc6 bxc6 26. Rb6 Rc8 27. Rxa5 Qe7 28.
Rc5 h4 29. gxh4 Qxh4 30. a4 Rh8 31. f3 Qe1+ 32. Bf1 Qxe3# 0-1

[Event "Early-Titled-Tuesday-Blitz-May-07-2024"]
[Site "Chess.com"]
[Date "2024.05.07"]
[Round "9"]
[White "Felix-Rose"]
[Black "C_K_G"]
[Result "0-1"]
[WhiteElo "2204"]
[BlackElo "2290"]
[TimeControl "180+1"]
[EndTime "9:49:14 PDT"]
[Termination "C_K_G won by resignation"]

1. e4 c5 2. Nf3 d6 3. d4 cxd4 4. Nxd4 Nf6 5. Nc3 a6 6. Be3 e6 7. f3 Be7 8. Qd2 O-O 9. O-O-O Qc7 10. g4 b5 11. h4 b4 12. Nce2 d5 13. e5 Nfd7 14.
f4 Nc5 15. Ng3 a5 16. f5 a4 17. f6 gxf6 18. exf6 Bxf6 19. Nh5 Be5 20. Bh6 Ne4 21.
Qe3 b3 22. a3 Bxd4 0-1

[Event "Early-Titled-Tuesday-Blitz-May-07-2024"]
[Site "Chess.com"]
[Date "2024.05.07"]
[Round "9"]
[White "Kostina_Nadezhda"]
[Black "UK_23"]
[Result "1-0"]
[WhiteElo "2319"]
[BlackElo "2423"]
[TimeControl "180+1"]
[EndTime "9:49:17 PDT"]
[Termination "Kostina_Nadezhda won by checkmate"]

1. e4 c5 2. Nf3 e6 3. d4 cxd4 4. Nxd4 Nf6 5. Nc3 Nc6 6. Nxc6 bxc6 7. Bg5 d5 8. exd5 cxd5 9. Bb5+ Bd7 10. a4 a6 11.
Bxf6 gxf6 12. Bxd7+ Qxd7 13. O-O Bd6 14. Qf3 f5 15.
Rfe1 Kf8 16. Rad1 Bb4 17. Qf4 Bxc3 18. bxc3 h5 19. c4 Qxa4 20. Qd6+ Kg7 21. cxd5 Qxc2 22. dxe6 fxe6 23. Qxe6 Ra7 24. Rd7+ Rxd7 25. Qxd7+ Kg6 26.
Re6+ Kg5 27. Qg7+ Kf4 28. Qg3# 1-0

[Event "Early-Titled-Tuesday-Blitz-May-07-2024"]
[Site "Chess.com"]
[Date "2024.05.07"]
[Round "9"]
[White "Chessdreamer2020"]
[Black "Louis-Paulsen-Fan"]
[Result "1-0"]
[WhiteElo "2516"]
[BlackElo "2360"]
[TimeControl "180+1"]
[EndTime "9:49:19 PDT"]
[Termination "Chessdreamer2020 won by resignation"]

1. e4 Nf6 2. Nc3 e5 3. Nf3 Nc6 4. d4 Bb4 5. Nxe5 Qe7 6. Qd3 Nxe5 7. dxe5 Qxe5 8. Bd2 O-O 9. O-O-O Bxc3 10. Bxc3 Qxe4 11.
Qg3 Qg6 12. Qxc7 d5 13. Bd3 Qh6+ 14. Bd2 Qh5 15. f3 Be6 16. g4 Qh4 17. Qg3 Qxg3 18. hxg3 h6 19. g5 Nd7 20. gxh6 g6 21.
h7+ Kg7 22. Bh6+ 1-0

[Event "Early-Titled-Tuesday-Blitz-May-07-2024"]
[Site "Chess.com"]
[Date "2024.05.07"]
[Round "9"]
[White "lamomiajunior"]
[Black "Ivan11Martic"]
[Result "1-0"]
[WhiteElo "2809"]
[BlackElo "2626"]
[TimeControl "180+1"]
[EndTime "9:49:26 PDT"]
[Termination "lamomiajunior won by resignation"]

1. d4 Nf6 2. Nc3 d5 3. Bf4 g6 4.
e3 Bg7 5. h4 c5 6. Nb5 Na6 7.
c3 O-O 8. Be2 Bd7 9. a4 Re8 10. h5 Ne4 11. hxg6 hxg6 12. Nf3 Bg4 13. Ne5 Bxe2 14. Qxe2 cxd4 15. exd4 Qc8 16. Qe3 Qf5 17. g4 Qe6 18. Qh3 g5 19. Be3 Bxe5 20. dxe5 Qxe5 21. Bd4 Nxf2+ 22. Kxf2 Qf4+ 23. Kg1 f6 24. Re1 e5 25. Rf1 Qe4 26. Qh8+ Kf7 27. Qxf6+ 1-0

[Event "Early-Titled-Tuesday-Blitz-May-07-2024"]
[Site "Chess.com"]
[Date "2024.05.07"]
[Round "9"]
[White "2Coaches1Profile"]
[Black "andrzej"]
[Result "0-1"]
[WhiteElo "2568"]
[BlackElo "2475"]
[TimeControl "180+1"]
[EndTime "9:49:26 PDT"]
[Termination "andrzej won by resignation"]

1. e4 e5 2. d4 exd4 3. Qxd4 Nc6 4.
Qe3 g6 5. Nc3 Bg7 6. Bd2 Nf6 7.
O-O-O O-O 8. Qe1 Re8 9. f3 d5 10. Bg5 h6 11. Bxf6 Qxf6 12. Rxd5 Nb4 13. Rb5 a5 14. Qf2 c6 15. Rc5 Nxa2+ 16. Kb1 Nxc3+ 17. Rxc3 Qe7 18. Ra3 b5 19. Nh3 b4 20. Rd3 Qe5 21.
c3 bxc3 22. Rxc3 Qb8 23. Rc2 Be6 24. Bc4 Bxc4 25. Rxc4 a4 26. Qc2 a3 0-1